 Dungeon Crawl Stone Soup version 0.30.0 (webtiles) character file.

Game seed: 2547312911382600704

4 Jackthecabe the Grave Robber (level 1, 0/13 HPs)
             Began as a Barachi Necromancer on May 6, 2023.
             Frozen to death by an endoplasm (4 damage)
             ... on level 1 of the Dungeon.
             The game lasted 00:01:07 (127 turns).

Jackthecabe the Grave Robber (Barachi Necromancer)   Turns: 127, Time: 00:01:08

Health: 0/13       AC:  2    Str:  9    XL:     1   Next: 70%
Magic:  0/3        EV: 12    Int: 15    God:
Gold:   0          SH:  0    Dex: 12    Spells: 3/4 levels left

rFire   . . .        (no weapon)
rCold   . . .        (no shield)
rNeg    . . .        a - +0 robe
rPois   .            (no helmet)
rElec   .            (no cloak)
rCorr   .            (no gloves)
SInv    .            (no boots)
Will    .....        (no amulet)
Stlth   ++           (no ring)
HPRegen 0.22/turn    (no ring)
MPRegen 0.08/turn

%: no passive effects
@: unable to hop, very slightly contaminated, slow
A: amphibious, slowness 1, strong legs 1, +LOS
a: Hop


You were on level 1 of the Dungeon.
You visited 1 branch of the dungeon, and saw 1 of its levels.


Innate Abilities, Weirdness & Mutations

You are amphibious.
You cover ground slowly.
You can hop short distances.
You have an extended range of vision and can be seen from far away.


   Skills:
 - Level 2.1 Dodging
 - Level 1.7 Stealth
 + Level 2.4 Spellcasting
 + Level 3.7 Necromancy


You had 3 spell levels left.
You knew the following spells:

 Your Spells              Type           Power      Damage    Failure   Level
X - Necrotise             Necr           52%        1d6       4%          1

Your spell library contained the following spells:

 Spells                   Type           Power      Damage    Failure   Level
 Vampiric Draining        Necr           13%        2d6       14%         3
 Animate Dead             Necr           13%        N/A       41%         4
 Agony                    Necr           13%        N/A       77%         5

Inventory:

Armour
 a - a +0 robe (worn)
Scrolls
 c - a scroll of teleportation {unknown}
Potions
 b - a potion of magic

Dungeon Overview and Level Annotations

Branches:
Dungeon (1/15)

Altars:

.......##h##.#.#
###### #.##.#.#
#.##...####
#.#.......#
#.#.##.##.#
#......##.#
##...h.##.#
#..#####.#
#.hJ@....#
...##.###..#######
#................
...##..#<#>##..##.
........##.## ....
....##.## ## ##.
.. ###


You could see an endoplasm and a jackal.


Message History

The endoplasm hits you but does no damage.
The endoplasm attacks as you move away! The endoplasm barely misses you.
The endoplasm misses you. The endoplasm attacks as you move away!
The endoplasm hits you but does no damage.
The endoplasm attacks as you move away! The endoplasm closely misses you.
The endoplasm freezes you.
You are frozen.
The endoplasm attacks as you move away! The endoplasm closely misses you.
The endoplasm attacks as you move away! The endoplasm barely misses you.
The endoplasm freezes you.
You are frozen.
The endoplasm attacks as you move away! The endoplasm hits you.
You miscast Necrotise.
You are very lightly contaminated with residual magic.
Nothing appears to happen.
The endoplasm freezes you.
You are frozen.
* * * LOW HITPOINT WARNING * * *
You are too injured to fight recklessly!
Unknown command.
Casting: Necrotise (safe; 4% risk of failure)
Confirm with . or Enter, or press ? or * to list all spells.
Aiming: Necrotise (safe; 4% risk of failure)
Press: ? - help, Shift-Dir - straight line, f/p - endoplasm
Aim: an endoplasm (lightly wounded, chance to affect: 83%)
The endoplasm writhes in agony.
The endoplasm freezes you.
You are frozen.
You die...

Action                     || total
---------------------------++-------
  Melee: Unarmed           ||     9
   Cast: Necrotise         ||    10
Ability: Hop               ||     1
 Armour: Robe              ||     6
  Dodge: Dodged            ||    21

Levels and vault maps discovered:
D:1:      onia_arrival_handbag, layout_loops_cross

Notes
Turn   | Place    | Note
-------+----------+-------------------------------------------
     0 | D:1      | Jackthecabe the Barachi Necromancer began the quest for the
                  | Orb.
     0 | D:1      | Reached XP level 1. HP: 13/13 MP: 3/3
   127 | D:1      | Frozen to death by an endoplasm

Vanquished Creatures
  3 jackals (D:1)
  A rat (D:1)
4 creatures vanquished.

Table legend: (Time is in decaauts)
 A = Elapsed time spent in this place.
 B = Non-inter-level travel time spent in this place.
 C = Inter-level travel time spent in this place.
 D = Time resting spent in this place.
 E = Time spent auto-exploring this place.
 F = Levels seen in this place.
 G = Mean time per level.
                   A        B        C        D        E       F      G
               +--------+--------+--------+--------+--------+-----+--------+
         Total |    143 |    143 |      0 |      0 |     47 |   1 |  143.0 |
       Dungeon |    143 |    143 |      0 |      0 |     47 |   1 |  143.0 |
               +--------+--------+--------+--------+--------+-----+--------+

Top non-repeatable levels by time:
     D:1: 143 daAuts

Table legend:
 A = Non-vault XP
 B = Vault XP
 C = Vault XP percentage of total XP
 D = Non-vault monster count
 E = Vault monster count
 F = Vault count percentage of total count
                 A         B        C        D         E       F
            +---------+---------+-------+---------+---------+-------
      Total |       6 |       1 |  14.3 |       3 |       1 |  25.0
            +---------+---------+-------+---------+---------+-------
        D:1 |       6 |       1 |  14.3 |       3 |       1 |  25.0
            +---------+---------+-------+---------+---------+-------
